 Dungeon Crawl Stone Soup version 0.29.1-4-g47bece8355 (webtiles) character file.

Game seed: 9731648764710270601

988 KittyFluff the Twirler (level 8, -14/48 HPs)
             Began as a Gargoyle Berserker on Dec 3, 2022.
             Was an Elder of Trog.
             Demolished by a two-headed ogre
             ... wielding a +0 giant club
              (19 damage)
             ... on level 5 of the Dungeon.
             The game lasted 00:26:30 (5363 turns).

KittyFluff the Twirler (Gargoyle Berserker)         Turns: 5363, Time: 00:26:30

Health: -14/48     AC: 10    Str: 21    XL:     8   Next: 18%
Magic:  8/8        EV: 14    Int:  8    God:    Trog [****..]
Gold:   116        SH: 12    Dex: 11    Spells: 7/7 levels left

rFire   . . .      SeeInvis .   J - +9 whip of Anehipeo {drain, Will+}
rCold   . . .      Faith    .   K - +0 kite shield
rNeg    + + .      Spirit   .   r - +2 robe {rN+}
rPois   ∞          Reflect  +   (no helmet)
rElec   +          Harm     .   (no cloak)
rCorr   .          Rampage  .   (no gloves)
Will    +....                   (no boots)
Stlth   +.........              e - amulet of reflection
HPRegen 0.16/turn               g - +4 ring of evasion
MPRegen 0.11/turn               a - ring of flight

@: flying
A: sickness immunity, AC +5, negative energy resistance 1, electricity
resistance, torment resistance 1, petrification resistance
a: Renounce Religion, Berserk, Trog's Hand, Brothers in Arms


You were on level 5 of the Dungeon.
You worshipped Trog.
Trog was greatly pleased with you.
You visited 1 branch of the dungeon, and saw 5 of its levels.
You also visited: Sewer.

You collected 116 gold pieces.

Inventory:

Hand Weapons
 q - a +0 quarterstaff
 t - a +0 sling
 B - a +1 flail of holy wrath
 J - the +9 whip of Anehipeo (weapon) {drain, Will+}
   (You took it off a gnoll on level 4 of the Dungeon)

   A truly terrible weapon, it drains the life of any living foe it strikes.
   Will:      It increases your willpower.
Missiles
 b - 5 boomerangs
 k - 6 atropa-tipped darts
 n - 42 stones (quivered)
 H - 3 poisoned darts
Armour
 f - a +0 ring mail of willpower
 l - a +0 leather armour
 r - a +2 robe of positive energy (worn)
 y - the +3 chain mail "Fuustru" {Harm rPois Str+4 Int-3}
   (You found it in a sewer)

   Str:       It affects your strength (+4).
   Int:       It affects your intelligence (-3).
   rPois:     It protects you from poison.
   Harm:      It increases damage dealt and taken.
 K - a +0 kite shield (worn)
Jewellery
 a - a ring of flight (right hand)
 e - an amulet of reflection (around neck)
 g - a +4 ring of evasion (left hand)
 v - a +6 ring of intelligence
 E - a ring of fire
Scrolls
 m - a scroll of teleportation {unknown}
 o - 3 scrolls of enchant armour {unknown}
 p - 2 scrolls of magic mapping {unknown}
 x - 3 scrolls of fear {unknown}
 z - a scroll of blinking
 D - a scroll of poison {unknown}
 F - a scroll of noise {unknown}
 G - a scroll of vulnerability {unknown}
 I - a scroll of identify
Potions
 c - a potion of resistance
 d - 2 potions of attraction
 h - 2 potions of degeneration
 i - a potion of haste {unknown}
 j - 5 potions of curing
 s - 2 potions of berserk rage {unknown}
 u - a potion of mutation {unknown}
 w - 2 potions of brilliance {unknown}
 A - a potion of heal wounds {unknown}
 C - 2 potions of lignification {unknown}


   Skills:
 + Level 4.7 Fighting
 + Level 4.2(5.3) Maces & Flails
 + Level 5.0(5.8) Staves
 + Level 2.3 Ranged Weapons
 * Level 4.4 Armour
 + Level 3.4 Dodging
 + Level 1.0 Stealth
 + Level 1.3 Shields


You had 7 spell levels left.
You didn't know any spells.
Your spell library was empty.

Dungeon Overview and Level Annotations

Branches:
Dungeon (5/15)             Temple (0/1) D:4           Sewer (visited)

Altars:
Dithmenos
Makhleb
Uskayaw
Wu Jian


Innate Abilities, Weirdness & Mutations

You are immune to sickness and miasma.
Your stone body is resilient. (AC +5)
You are immune to poison.
You resist negative energy. (rN+)
You are resistant to electric shocks. (rElec)
You are resistant to unholy torment.
You are immune to petrification.


Message History

You hit the necrophage.
The necrophage is severely damaged.
The necrophage hits you.
You whack the necrophage!
You destroy the necrophage!
Trog accepts your kill.
Your Staves skill increases to level 5!
You see here a necrophage corpse.
Found a chain mail.
Found a robe.
Found 4 stones.
Found 18 gold pieces.
Found 6 stones. 2 gnolls come into view.
Found 5 stones.
The gnoll shouts!
You hear two shouts!
You hear a shout!
The gnoll shouts!
You hear a shout! x2
A two-headed ogre comes into view. It is wielding two +0 giant clubs.
There is a stone staircase leading up here.
You fly upwards.
There is a stone staircase leading down here.
You fly downwards.
You block the gnoll's attack.
There is a stone staircase leading up here.
You block the gnoll's attack.
You fly upwards.
There is a stone staircase leading down here.
You whack the gnoll! You drain the gnoll.
You kill the gnoll!
Trog accepts your kill.
Things that are here:
a +0 club; a gnoll corpse
There is a stone staircase leading down here.
You fly downwards.
You block the two-headed ogre's attack.
The two-headed ogre hits you with a +0 giant club!!
Ouch! That really hurt!
There is a stone staircase leading up here.
The two-headed ogre hits you with a +0 giant club!
* * * LOW HITPOINT WARNING * * *
The two-headed ogre hits you with a +0 giant club!!
You die...

........# #.....#
........######.....#
....(..............#
...................+
...................#
...$...............######
.........................
.........................
..........g.....@†.......
.................O.......
......[..............<...
.#####.....#+###+##......
#.....# ...... #.....#
...... +.....# ......
.....


You could see a two-headed ogre and a gnoll.

Vanquished Creatures
  An ogre (D:4)
  2 phantoms (D:4)
  2 bullfrogs (Sewer)
  A necrophage (D:5)
  A scorpion (D:4)
  A howler monkey (D:4)
  An orc priest (D:3)
  A hound (D:4)
  Jessica (D:2)
  2 orc wizards (D:4)
  9 gnolls (D:4)
  A river rat (D:3)
  9 adders
  An ufetubus (D:4)
  3 worms
  12 orcs
  2 bats (D:1)
  6 endoplasms
  17 giant cockroaches
  16 goblins
  9 hobgoblins
  A jackal (D:2)
  10 kobolds
  4 quokkas
  12 ball pythons
  9 frilled lizards
  9 rats
143 creatures vanquished.

Vanquished Creatures (others)
  A goblin (D:4)
  5 plants (D:4)
6 creatures vanquished.

Grand Total: 149 creatures vanquished

Notes
Turn   | Place    | Note
-------+----------+-------------------------------------------
     0 | D:1      | KittyFluff the Gargoyle Berserker began the quest for the
                  | Orb.
     0 | D:1      | Reached XP level 1. HP: 14/14 MP: 1/1
   696 | D:1      | Reached XP level 2. HP: 19/19 MP: 2/2
   944 | D:1      | Found a faded altar of an unknown god.
  1144 | D:2      | Reached XP level 3. HP: 23/23 MP: 3/3
  1321 | D:2      | Reached XP level 4. HP: 26/29 MP: 4/4
  1380 | D:2      | Reached ** piety under Trog
  1640 | D:2      | Noticed Jessica
  1647 | D:2      | Killed Jessica
  2127 | D:3      | Reached XP level 5. HP: 20/33 MP: 5/5
  2414 | D:3      | Found a glowing drain.
  2427 | Sewer    | Entered a sewer
  2541 | Sewer    | Reached skill level 1 in Staves
  2702 | Sewer    | Reached *** piety under Trog
  2773 | Sewer    | Identified the +3 chain mail "Fuustru" {Harm rPois Str+4
                  | Int-3}
  2791 | Sewer    | Reached XP level 6. HP: 26/38 MP: 6/6
  2792 | Sewer    | Reached skill level 2 in Staves
  2792 | Sewer    | Reached skill level 1 in Ranged Weapons
  2792 | Sewer    | Reached skill level 1 in Shields
  3268 | D:3      | Found a burning altar of Makhleb.
  3268 | D:3      | Found an ornate altar of the Wu Jian Council.
  3510 | D:4      | Found a hide-covered altar of Uskayaw.
  3652 | D:4      | Reached XP level 7. HP: 41/43 MP: 7/7
  3801 | D:4      | Reached skill level 3 in Staves
  4082 | D:4      | Identified the +9 whip of Anehipeo {drain, Will+}
  4141 | D:4      | Reached skill level 4 in Staves
  4262 | D:4      | Found a shadowy altar of Dithmenos.
  4992 | D:4      | Reached **** piety under Trog
  5010 | D:4      | Reached XP level 8. HP: 42/48 MP: 8/8
  5171 | D:4      | Reached skill level 1 in Stealth
  5274 | D:4      | Found a staircase to the Ecumenical Temple.
  5312 | D:5      | Entered Level 5 of the Dungeon
  5322 | D:5      | Reached skill level 5 in Staves
  5340 | D:5      | Noticed a two-headed ogre
  5363 | D:5      | Demolished by a two-headed ogre

Illustrated notes

Levels and vault maps discovered:
D:1:      minmay_arrival_arboretum_small, layout_rooms,
          chequers_ecumenical_altar_lobes
D:2:      layout_basic, grunt_ministairs_14, minmay_bisected, uniq_jessica
D:3:      layout_loops_ring, gammafunk_temple_overflow_wave,
          gup_sewer_entry_bubbles
D:4:      corexii_shantytown, layout_basic, nicolae_dithmenos_the_darkroom,
          mainiacjoe_overflow_paths, minmay_temple_entry_junction_2
D:5:      layout_gridville, mainiacjoe_overflow_cross_hatched, uniq_grinder

Skill      XL: |  1  2  3  4  5  6  7  8 |
---------------+-------------------------+-----
Dodging        | 2 3 |  3.4
Maces & Flails | 4 |  4.2
Armour         | 3 4 |  4.4
Fighting       | 4 |  4.7
Staves         | 1 2 4 5 |  5.0
Ranged Weapons | 1 2 |  2.3
Shields        | 1 |  1.3
Stealth        | 1 |  1.0

Action                   |  1- 3 |  4- 6 |  7- 9 || total
-------------------------+-------+-------+-------++-------
Melee: Mace              |   113 |    42 |       ||   155
       Punch             |     1 |       |       ||     1
       Quarterstaff      |       |   192 |   171 ||   363
       Whip              |       |       |     6 ||     6
 Fire: Sling             |       |    27 |    24 ||    51
Throw: Stone             |       |       |     6 ||     6
Invok: Berserk           |       |     3 |     1 ||     4
  Use: Scroll            |       |     3 |     1 ||     4
 Stab: Sleeping          |       |       |     1 ||     1
Armor: Animal skin       |    44 |     6 |       ||    50
       Robe              |       |    55 |    30 ||    85
Dodge: Dodged            |    80 |   199 |    92 ||   371
Block: Other             |    19 |    66 |    34 ||   119
       Reflection        |       |       |     2 ||     2
       Kite shield       |       |       |     4 ||     4
